 Dungeon Crawl Stone Soup version 0.31-a0-1469-gd420192249 (webtiles) character file.

Game seed: 4103485383559731771

4573 grandjackal the Fighter (level 10, -8/118 HPs)
             Began as an Oni Warper on Dec 28, 2023.
             Was an Initiate of Ashenzari.
             Mangled by a two-headed ogre
             ... wielding a +0 giant spiked club
              (19 damage)
             ... on level 9 of the Dungeon.
             The game lasted 00:10:23 (9095 turns).

grandjackal the Fighter (Oni Warper)                Turns: 9095, Time: 00:10:23

Health: -8/118     AC:  6    Str: 17    XL:     10   Next: 41%
Magic:  13/13      EV:  9    Int: 18    God:    Ashenzari [......]
Gold:   669        SH:  5    Dex:  8    Spells: 2/13 levels left

rFire   . . .        f - +2 mace "Share My Oblivion" {distort, Bglg, Sorc} (curse)
rCold   . . .        (no shield)
rNeg    . . .        M - +0 steam dragon scales
rPois   .            (helmet restricted)
rElec   .            (no cloak)
rCorr   .            (gloves unavailable)
SInv    .            (boots unavailable)
Will    +....        D - amulet of reflection
Stlth   +            (no ring)
HPRegen 0.39/turn    (no ring)
MPRegen 0.13/turn

%: reflection
@: no status effects
A: large, unfitting armour, horns 1, tough skin 1, double potion healing,
drunken brawling
a: Renounce Religion, Curse Item, Shatter the Chains


You were on level 9 of the Dungeon.
You worshipped Ashenzari.
Ashenzari was noncommittal.
You visited 1 branch of the dungeon, and saw 9 of its levels.

You collected 669 gold pieces.

Inventory:

Hand Weapons
 f - the cursed +2 mace "Share My Oblivion" (weapon) {distort, Bglg, Sorc}
   (You found it on level 1 of the Dungeon)

   It has a curse which improves the following skills: Beguiling: Hexes and
   Translocations.
   Sorcery:   Conjurations and Alchemy.
Missiles
 d - 7 darts of dispersal
 y - 18 poisoned darts
 B - 5 atropa-tipped darts
 J - a throwing net
Armour
 M - +0 steam dragon scales (worn)
Magical Staves
 l - the staff "Ukoc" {rF+ Will+ Str+3 Dex+2 Summ Fire}
   (You found it on level 2 of the Dungeon)

   [staff of fire]

   Base accuracy: +5 Base damage: 5 Base attack delay: 1.2 This weapon's minimum
   attack delay (0.6) is reached at skill level 12.
   Str+3:     It affects your strength (+3).
   Dex+2:     It affects your dexterity (+2).
   rF+:       It protects you from fire.
   Will+:     It increases your willpower.
   Summ:      It increases the power of your Summonings spells.
   Fire:      It increases the power of your Fire spells.
   It falls into the 'Staves' category.
   It is a one-handed weapon.
Jewellery
 D - an amulet of reflection (around neck)
 F - an amulet of guardian spirit
 G - a ring of ice
Wands
 b - a wand of polymorph (1)
 s - a wand of mindburst (9)
 u - a wand of flame (30)
 K - a wand of charming (5)
Scrolls
 c - a scroll of blinking
 e - 6 scrolls of identify {unknown}
 g - 6 scrolls of amnesia {unknown}
 h - a scroll of brand weapon {unknown}
 i - 3 scrolls of fog {unknown}
 j - 2 scrolls of noise {unknown}
 k - 5 scrolls of teleportation
 n - a scroll of acquirement {unknown}
 p - 2 scrolls of vulnerability {unknown}
 q - a scroll of torment {unknown}
 t - a scroll of enchant armour {unknown}
 v - a scroll of enchant weapon {unknown}
 w - a scroll of immolation {unknown}
 E - a scroll of poison {unknown}
 I - 3 scrolls of summoning {unknown}
 L - 2 scrolls of fear {unknown}
Potions
 a - a potion of cancellation {unknown}
 m - 4 potions of curing {unknown}
 o - 2 potions of haste {unknown}
 r - 2 potions of might {unknown}
 x - a potion of degeneration {unknown}
 z - a potion of lignification {unknown}
 A - a potion of brilliance {unknown}
 H - a potion of ambrosia {unknown}


   Skills:
 + Level 12.6 Fighting
 + Level 9.8 Maces & Flails
 - Level 1.0 Throwing
 - Level 2.1 Dodging
 - Level 2.4 Spellcasting
 + Level 6.4(6.8) Translocations


You had 2 spell levels left.
You knew the following spells:

 Your Spells              Type           Power      Damage    Failure   Level
a - Blink                 Tloc           52%        N/A       1%          2
b - Manifold Assault      Tloc           26%        N/A       11%         4
c - Summon Forest         Summ/Tloc      7%         N/A       75%         5

Your spell library contained the following spells:

 Spells                   Type           Power      Damage    Failure   Level
 Lesser Beckoning         Tloc           52%        N/A       1%          2
 Cigotuvi's Dreadful Rot  Necr/Alch/Air  4%         N/A       26%         2
 Jinxbite                 Hex            4%         N/A       26%         2
 Teleport Other           Tloc           26%        N/A       3%          3
 Vhi's Electric Charge    Tloc/Air       28%        N/A       38%         4
 Hailstorm                Conj/Ice       2%         3d5       45%         3
 Summon Ice Beast         Ice/Summ       2%         N/A       45%         3
 Dispel Undead            Necr           2%         3d7       86%         4
 Martyr's Knell           Necr/Summ      2%         N/A       86%         4
 Yara's Violent Unravell  Hex/Alch       1%         3d3       99%         5
 Death Channel            Necr           1%         N/A       100%        6
 Eringya's Noxious Bog    Alch           1%         4d6       100%        6
 Sculpt Simulacrum        Ice/Alch       1%         N/A       100%        6
 Enfeeble                 Hex            1%         N/A       100%        7
 Summon Hydra             Summ           1%         N/A       100%        7


Dungeon Overview and Level Annotations

Branches:
Dungeon (9/15)             Temple (0/1) D:5
   Lair: D:8-11         Orc: D:9-12

Altars:
Ashenzari
Fedhas
Kikubaaqudgha
Makhleb
Uskayaw
Zin

Annotations:
D:3 2 transporters, Pokonic1's ghost, amateur GrBe
D:7 3 runed translucent doors, benadryl's ghost, novice AtWr; epsilonplus's ghost, novice AtFi
D:8 2 transporters, Azoth's ghost, novice DsCK


Innate Abilities, Weirdness & Mutations

You are too large for most types of armour.
You have a pair of small horns on your head.
You have tough skin. (AC +1)
You gain doubled healing and magic from potions.
Whenever you drink a healing potion, you attack all around you.


Message History

Aiming: Mindburst
Press: ? - help, Shift-Dir - straight line, f/p - two-headed ogre
Aim: a two-headed ogre, wielding a +0 giant spiked club and a +0 giant club (moderately wounded, poisoned, chance to affect: 47%)
The two-headed ogre resists with some effort.
Unknown command.
The two-headed ogre looks more healthy.
Casting: Blink (safe; 1% risk of failure)
Confirm with . or Enter, or press ? or * to list all spells.
You blink.
You feel ready to blink again.
Aiming: Mindburst
Press: ? - help, Shift-Dir - straight line, f/p - two-headed ogre
Aim: a two-headed ogre, wielding a +0 giant spiked club and a +0 giant club (moderately wounded, chance to affect: 47%)
The two-headed ogre's minds are blasted!
Unknown command.
Aiming: Mindburst
Press: ? - help, Shift-Dir - straight line, f/p - two-headed ogre
Aim: a two-headed ogre, wielding a +0 giant spiked club and a +0 giant club (heavily wounded, chance to affect: 47%)
The two-headed ogre resists with some effort.
Unknown command.
Aiming: Mindburst
Press: ? - help, Shift-Dir - straight line, f/p - two-headed ogre
Aim: a two-headed ogre, wielding a +0 giant spiked club and a +0 giant club (moderately wounded, chance to affect: 47%)
The two-headed ogre resists with some effort.
Unknown command.
You hit the two-headed ogre but do no damage.
Your headbutt misses the two-headed ogre.
The two-headed ogre is moderately wounded.
You hit the two-headed ogre.
Space warps around the two-headed ogre.
You headbutt the two-headed ogre.
The two-headed ogre is heavily wounded.
The two-headed ogre hits you with a +0 giant spiked club!!
* * * LOW HITPOINT WARNING * * *
You block the two-headed ogre's attack.
You hit the two-headed ogre.
Space warps around the two-headed ogre.
The two-headed ogre is severely wounded.
The two-headed ogre hits you with a +0 giant spiked club!
* * * LOW HITPOINT WARNING * * *
The two-headed ogre hits you with a +0 giant club!!
You die...

##### #.#.# #.#.#
########### #.#.#
..........# #.#.######
#########.#####).......####.
.............O@.............
#...####......#.#.#.########
#...#.........#.#.).)# #
#...#.##......#.#....####
###...#.##......#.#...<...#
##....#.##......#.#....##.#
##....#O##......#.#....# #
O.....#.##......#.#....#
#.#####.##......# #....#


You could see a two-headed ogre.

Vanquished Creatures
  Jeremiah (D:8)
  2 hornets
  Sigmund (D:5)
  2 yaks (D:8)
  A steam dragon (D:8)
  2 water moccasins
  An orc warrior (D:7)
  A sky beast (D:8)
  2 ogres
  3 centaurs
  2 kobold brigands
  2 gnoll sergeants
  4 bullfrogs
  A scorpion (D:4)
  7 wights
  3 killer bees (D:8)
  4 hounds
  A bombardier beetle (D:3)
  4 jellies
  3 iguanas
  8 gnolls
  9 adders
  4 white imps
  4 ufetubi
  2 worms (D:2)
  4 dart slugs
  11 orcs
  6 endoplasms
  4 giant cockroaches
  10 goblins
  5 hobgoblins
  2 jackals (D:2)
  15 kobolds
  3 quokkas (D:1)
  6 ball pythons
  7 bats
  A frilled lizard (D:3)
  4 rats
152 creatures vanquished.

Notes
Turn   | Place    | Note
-------+----------+-------------------------------------------
     0 | D:1      | grandjackal the Oni Warper began the quest for the Orb.
     0 | D:1      | Reached XP level 1. HP: 22/22 MP: 3/3
    83 | D:1      | Reached skill level 3 in Fighting
    91 | D:1      | Reached XP level 2. HP: 29/31 MP: 5/5
   274 | D:1      | Reached XP level 3. HP: 38/39 MP: 6/6
   277 | D:1      | Learned a level 2 spell: Blink
   670 | D:2      | Reached skill level 4 in Fighting
   788 | D:2      | Reached XP level 4. HP: 48/48 MP: 7/7
  1016 | D:2      | Identified the staff "Ukoc" {rF+ Will+ Str+3 Dex+2 Summ
                  | Fire}
  1276 | D:3      | Noticed a small abomination
  1289 | D:3      | Found a transporter.
  1418 | D:3      | Found a transporter.
  1448 | D:3      | Noticed Pokonic1's ghost (amateur GrBe)
  1455 | D:3      | Reached skill level 5 in Fighting
  1455 | D:3      | Reached XP level 5. HP: 56/57 MP: 8/8
  1688 | D:3      | Identified the +1 sling "Neky" {flame, rElec Int-2 Dex-4
                  | Stlth+}
  1797 | D:3      | Noticed an ancient zyme
  1830 | D:4      | Noticed an ogre
  1835 | D:4      | Killed an ogre
  1836 | D:4      | Reached skill level 6 in Fighting
  1836 | D:4      | Reached XP level 6. HP: 67/67 MP: 9/9
  2335 | D:4      | Reached skill level 5 in Maces & Flails
  2523 | D:4      | Reached skill level 7 in Fighting
  2523 | D:4      | Reached XP level 7. HP: 46/78 MP: 10/10
  2933 | D:5      | Entered Level 5 of the Dungeon
  3269 | D:5      | Noticed Sigmund
  3343 | D:5      | Found a broken altar of Ashenzari.
  3343 | D:5      | Found a burning altar of Makhleb.
  3345 | D:5      | Found a hide-covered altar of Uskayaw.
  3363 | D:5      | Became a worshipper of Ashenzari the Shackled
  3558 | D:5      | Reached skill level 8 in Fighting
  3605 | D:5      | Found a staircase to the Ecumenical Temple.
  3908 | D:4      | Reached XP level 8. HP: 74/89 MP: 11/11
  3958 | D:5      | Killed Sigmund
  3959 | D:5      | Reached skill level 9 in Fighting
  4218 | D:6      | Learned a level 4 spell: Manifold Assault
  5012 | D:7      | Found a glowing silver altar of Zin.
  5029 | D:7      | Reached skill level 10 in Fighting
  5147 | D:7      | Found a blossoming altar of Fedhas.
  5151 | D:7      | Reached XP level 9. HP: 74/101 MP: 12/12
  5571 | D:7      | Found a runed translucent gate.
  5572 | D:7      | Found a runed translucent gate.
  5573 | D:7      | Found a runed translucent gate.
  5574 | D:7      | Noticed epsilonplus's ghost (novice AtFi)
  5590 | D:7      | Noticed a hornet
  6183 | D:8      | Reached skill level 11 in Fighting
  6232 | D:8      | Noticed Jeremiah
  6270 | D:8      | Killed Jeremiah
  6271 | D:8      | Reached skill level 5 in Translocations
  6759 | D:7      | Noticed benadryl's ghost (novice AtWr)
  7256 | D:8      | Reached XP level 10. HP: 115/115 MP: 13/13
  7321 | D:8      | Reached skill level 12 in Fighting
  7542 | D:8      | Found a transporter.
  7545 | D:8      | Identified the amulet "Feocudgh" {Acrobat Harm *Slow rPois
                  | Stlth+}
  7547 | D:8      | Found a transporter.
  7550 | D:8      | Noticed Azoth's ghost (novice DsCK)
  8076 | D:8      | Paralysed by a hornet for 2 turns
  8086 | D:8      | Paralysed by a hornet for 2 turns
  8418 | D:7      | Found an ancient bone altar of Kikubaaqudgha.
  8715 | D:8      | Learned a level 5 spell: Summon Forest
  9052 | D:9      | Noticed a two-headed ogre
  9095 | D:9      | Mangled by a two-headed ogre

Illustrated notes

Levels and vault maps discovered:
D:1:      lemuel_arrival_lava_pool, layout_basic, wad_floor_pattern_2
D:2:      layout_basic
D:3:      layout_rooms, gammafunk_ghost_abyssal_escape
D:4:      kennysheep_big_flooded_room, layout_basic
D:5:      layout_loops_ring, gammafunk_temple_overflow_forgotten,
          minmay_temple_entry_purple_smoke, uniq_sigmund
D:6:      layout_rooms
D:7:      layout_basic, zin_statuary, amcnicky_altar_gilded,
          kennysheep_mini_moat, gammafunk_ghost_cemetery
D:8:      minmay_thinvault, layout_cave_pods, gammafunk_ghost_gnarly_gnolls,
          uniq_jeremiah
D:9:      layout_basic, lair_entry_dummy, minmay_orc_entry_temple_small

Skill      XL: |  1  2  3  4  5  6  7  8  9 10 |
---------------+-------------------------------+-----
Fighting       | 3 4 5 6 7 8 10 11 12 | 12.6
Maces & Flails | 3 4 5 6 7 9 |  9.8
Translocations | 3 5 6 |  6.4
Throwing       | |  1.0
Dodging        | |  2.1
Spellcasting   | |  2.4

Action                     |  1- 3 |  4- 6 |  7- 9 | 10-12 || total
---------------------------+-------+-------+-------+-------++-------
  Melee: Mace              |    61 |    91 |   221 |    74 ||   447
         Headbutt          |     3 |    10 |    35 |    10 ||    58
         Punch             |       |     1 |     1 |     1 ||     3
  Throw: Dart              |       |       |     3 |    10 ||    13
   Cast: Blink             |       |       |     4 |     2 ||     6
         Manifold Assault  |       |       |     3 |       ||     3
 Invoke: Curse Item        |       |       |     1 |       ||     1
  Evoke: Wand              |       |       |    10 |    10 ||    20
   Stab: Sleeping          |       |     1 |     1 |       ||     2
 Armour: Robe              |    42 |    80 |   189 |    31 ||   342
         Steam dragon scal |       |       |       |    51 ||    51
  Dodge: Dodged            |    24 |    51 |   122 |    38 ||   235
  Block: Other             |       |       |    29 |    24 ||    53
         Reflection        |       |       |     4 |       ||     4

Table legend: (Time is in decaauts)
 A = Elapsed time spent in this place.
 B = Non-inter-level travel time spent in this place.
 C = Inter-level travel time spent in this place.
 D = Time resting spent in this place.
 E = Time spent auto-exploring this place.
 F = Levels seen in this place.
 G = Mean time per level.
                   A        B        C        D        E       F      G
               +--------+--------+--------+--------+--------+-----+--------+
         Total |   9151 |   8798 |    353 |   2916 |   4297 |   9 | 1016.8 |
       Dungeon |   9151 |   8798 |    353 |   2916 |   4297 |   9 | 1016.8 |
               +--------+--------+--------+--------+--------+-----+--------+

Top non-repeatable levels by time:
     D:8: 2454 daAuts
     D:4: 1520 daAuts
     D:7: 1082 daAuts
     D:6: 928 daAuts
     D:5: 808 daAuts
     D:1: 644 daAuts
     D:2: 621 daAuts
     D:3: 585 daAuts
     D:9: 505 daAuts
